 Dungeon Crawl Stone Soup version 0.29-a0-819-g94b489e (webtiles) character file.

Game seed: 7054413240354743395

482338 GeorgeSoros the Acrobat (level 23, -1/103 HPs)
             Began as a Spriggan Arcane Marksman on June 27, 2022.
             Was the Champion of Dithmenos.
             Constricted to death by a tentacled monstrosity (6 damage)
             ... on level 4 of the Vaults on July 6, 2022.
             The game lasted 05:55:48 (67401 turns).

GeorgeSoros the Acrobat (Spriggan Arcane Marksman) Turns: 67401, Time: 05:55:49

Health: -1/103     AC:  7    Str:  6    XL:     23   Next: 73%
Magic:  38/41      EV: 43    Int: 24    God:    Dithmenos [******]
Gold:   3421       SH:  0    Dex: 25    Spells: 5/48 levels left

rFire   + . .      SeeInvis +   a - +6 arbalest of Misery {vorpal, rElec rF+ Stlth-}
rCold   . . .      Faith    .   (shield currently unavailable)
rNeg    + . .      Spirit   .   D - +2 robe {Archmagi}
rPois   +          Reflect  .   (helmet restricted)
rElec   +          Harm     .   Y - +2 cloak {Will+}
rCorr   .          Rampage  .   (gloves unavailable)
Will    +++++      Archmagi +   (boots unavailable)
Stlth   +++.......              d - amulet of Eseic {Regen+ Dex-4 Slay+5 Stlth+}
HPRegen 1.07/turn               I - +6 ring of dexterity
MPRegen 0.27/turn               x - ring "Ukhuekeq" {rPois rN+ Int+6}

@: portalling projectiles, wreathed by umbra, constricted, studying Ice Magic,
very quick
A: very small, no large weapons, unfitting armour, see invisible, speed 3
}: 2/15 runes: serpentine, barnacled
a: Renounce Religion, Shadow Step, Shadow Form


You were on level 4 of the Vaults.
You worshipped Dithmenos.
Dithmenos was exalted by your worship.
You visited 8 branches of the dungeon, and saw 41 of its levels.
You visited 1 bazaar.
You also visited: Gauntlet and Desolation.

You collected 5845 gold pieces.
You spent 2424 gold pieces at shops.

Inventory:

Hand Weapons
 a - the +6 arbalest of Misery (weapon) {vorpal, rElec rF+ Stlth-}
   (You found it on level 5 of the Dungeon)

   Any ammunition fired from it inflicts extra damage upon your enemies.
   rF:        It protects you from fire.
   rElec:     It insulates you from electricity.
   Stlth:     It makes you less stealthy.
 b - the +8 whip "Snakebite" {venom, curare, rPois}
   (You found it on level 2 of the Lair of Beasts)

   It poisons the flesh of those it strikes.
   It occasionally inflicts asphyxiating poison on those it strikes, dealing
   poison damage and causing slowness.
   rPois:     It protects you from poison.
Armour
 z - a +2 cloak
 D - a +2 robe of the Archmagi (worn)
 E - a scarf of invisibility
 Y - a +2 cloak of willpower (worn)
Jewellery
 d - the amulet of Eseic (around neck) {Regen+ Dex-4 Slay+5 Stlth+}
   (You bought it in a shop on level 1 of the Snake Pit)

   [amulet of regeneration]

   Dex:       It affects your dexterity (-4).
   Slay:      It affects your accuracy & damage with ranged weapons and melee
   (+5).
   Regen:     It increases your rate of health regeneration.
   Stlth:     It makes you more stealthy.
 e - a ring of resist corrosion
 g - the ring of Togh {rPois Int+6 Slay+3}
   (You found it on level 2 of the Shoals)

   [ring of intelligence]

   Int:       It affects your intelligence (+6).
   Slay:      It affects your accuracy & damage with ranged weapons and melee
   (+3).
   rPois:     It protects you from poison.
 o - the amulet "Teobrale" {Reflect rPois SH+5}
   (You found it in the Desolation of Salt)

   [amulet of reflection]

   It reflects blocked missile attacks.
   rPois:     It protects you from poison.
   SH:        It affects your SH (+5).
 p - a ring of positive energy
 u - a +4 ring of evasion
 x - the ring "Ukhuekeq" (right hand) {rPois rN+ Int+6}
   (You found it in the Desolation of Salt)

   [ring of intelligence]

   Int:       It affects your intelligence (+6).
   rPois:     It protects you from poison.
   rN:        It protects you from negative energy.
 I - a +6 ring of dexterity (left hand)
 S - a +6 ring of intelligence
 T - a ring of wizardry
 W - a ring of willpower
Wands
 m - a wand of digging (4)
 n - a wand of charming (52)
 s - a wand of polymorph (15)
 y - a wand of iceblast (39)
 A - a wand of mindburst (47)
 U - a wand of acid (17)
 V - a wand of roots (3)
Scrolls
 f - 2 scrolls of fog
 q - 3 scrolls of silence
 r - 20 scrolls of teleportation
 v - 3 scrolls of brand weapon
 w - 4 scrolls of immolation
 B - 10 scrolls of blinking
 G - 9 scrolls of enchant weapon
 H - 6 scrolls of vulnerability
 J - a scroll of summoning
 K - 5 scrolls of fear
 L - 5 scrolls of enchant armour
 Q - 8 scrolls of magic mapping
 R - 7 scrolls of amnesia
 X - a scroll of poison
Potions
 c - 2 potions of resistance
 h - 6 potions of brilliance
 i - 6 potions of mutation
 j - 3 potions of heal wounds
 k - 3 potions of flight
 l - 16 potions of curing
 t - 6 potions of magic
 C - 3 potions of berserk rage
 F - 8 potions of might
 N - 3 potions of invisibility
 O - 4 potions of haste
 P - a potion of cancellation
 Z - 4 potions of ambrosia
Miscellaneous
 M - a condenser vane


   Skills:
 - Level 4.6 Fighting
 - Level 18.0 Ranged Weapons
 - Level 25.0 Dodging
 - Level 13.0 Spellcasting
 - Level 12.7 Hexes
 + Level 21.9 Summonings
 - Level 20.0 Translocations
 - Level 6.0 Air Magic
 - Level 10.0 Evocations


You had 5 spell levels left.
You knew the following spells:

 Your Spells              Type           Power      Damage    Failure   Level
a - Slow                  Hex            100%       N/A       1%          1
b - Summon Forest         Summ/Tloc      54%        N/A       1%          5
c - Cause Fear            Hex            43%        N/A       1%          4
d - Inner Flame           Hex/Fire       62%        N/A       1%          3
e - Portal Projectile     Hex/Tloc       100%       N/A       0%          3
f - Blink                 Tloc           100%       N/A       0%          2
g - Summon Lightning Spi  Summ/Air       89%        N/A       1%          4
h - Summon Cactus Giant   Summ           55%        N/A       1%          6
i - Malign Gateway        Summ/Tloc      54%        N/A       1%          7
j - Summon Horrible Thin  Summ           55%        N/A       3%          8

Your spell library contained the following spells:

 Spells                   Type           Power      Damage    Failure   Level
 Call Imp                 Summ           100%       N/A       0%          2
 Call Canine Familiar     Summ           100%       N/A       0%          3
 Gell's Gravitas          Tloc           100%       N/A       0%          3
 Lesser Beckoning         Tloc           100%       N/A       0%          3
 Summon Guardian Golem    Hex/Summ       99%        N/A       0%          3
 Teleport Other           Tloc           100%       N/A       0%          3
 Ensorcelled Hibernation  Hex/Ice        100%       N/A       1%          2
 Poisonous Vapours        Pois/Air       90%        N/A       1%          2
 Static Discharge         Conj/Air       45%        3-9/arc   1%          2
 Dazzling Flash           Conj/Hex       100%       N/A       1%          3
 Swiftness                Air            61%        N/A       1%          3
 Tukima's Dance           Hex            86%        N/A       1%          3
 Animate Armour           Summ/Erth      100%       N/A       1%          4
 Iskenderun's Mystic Bla  Conj/Tloc      77%        2d15      1%          4
 Manifold Assault         Tloc           100%       N/A       1%          5
 Summon Mana Viper        Hex/Summ       99%        N/A       1%          5
 Anguish                  Hex/Necr       31%        N/A       2%          4
 Fulminant Prism          Conj/Hex       31%        3d16      2%          4
 Leda's Liquefaction      Hex/Erth       31%        N/A       2%          4
 Silence                  Hex/Air        37%        N/A       2%          5
 Beastly Appendage        Tmut           46%        N/A       3%          1
 Foxfire                  Conj/Fire      92%        2x1d8     3%          1
 Freeze                   Ice            92%        1d10      3%          1
 Magic Dart               Conj           92%        1d7       3%          1
 Necrotise                Necr           92%        1d8       3%          1
 Sting                    Tmut/Pois      92%        1d7       3%          1
 Airstrike                Air            30%        0-10+     3%          4
 Mephitic Cloud           Conj/Pois/Air  37%        N/A       4%          3
 Passwall                 Tmut/Erth      19%        N/A       6%          2
 Searing Ray              Conj           46%        2d6       6%          2
 Sublimation of Blood     Necr           23%        N/A       6%          2
 Wereblood                Tmut           23%        N/A       6%          2
 Metabolic Englaciation   Hex/Ice        31%        N/A       8%          5
 Conjure Flame            Conj/Fire      23%        6-21      12%         3
 Frozen Ramparts          Ice            46%        1d6       12%         3
 Ignite Poison            Fire/Tmut/Pois 23%        N/A       12%         3
 Ozocubu's Armour         Ice            23%        N/A       12%         3
 Spider Form              Tmut/Pois      23%        N/A       12%         3
 Stone Arrow              Conj/Erth      46%        3d9       12%         3
 Corpse Rot               Necr/Pois/Air  37%        N/A       17%         4
 Lightning Bolt           Conj/Air       22%        1d38      30%         5
 Dispel Undead            Necr           23%        3d12      36%         4
 Flame Wave               Conj/Fire      23%        2d7       36%         4
 Hailstorm                Conj/Ice       23%        3d7       36%         4
 Ice Form                 Ice/Tmut       23%        N/A       36%         4
 Olgreb's Toxic Radiance  Pois           23%        N/A       36%         4
 Petrify                  Tmut/Erth      23%        N/A       36%         4
 Sticky Flame             Conj/Fire      23%        2d4       36%         4
 Freezing Cloud           Conj/Ice/Air   18%        6-21      43%         5
 Agony                    Necr           23%        N/A       71%         5
 Blade Hands              Tmut           11%        N/A       71%         5
 Borgnjor's Vile Clutch   Necr/Erth      11%        N/A       71%         5
 Irradiate                Conj/Tmut      11%        3d17      71%         5
 Iskenderun's Battlesphe  Conj           23%        2d8       71%         5
 Lee's Rapid Deconstruct  Erth           11%        3d9*      71%         5
 Dispersal                Tloc           53%        N/A       1%          6
 Summon Hydra             Summ           55%        N/A       1%          7
 Disjunction              Tloc           53%        N/A       7%          8
 Spellforged Servitor     Conj/Summ      40%        N/A       36%         7
 Dragon's Call            Summ           55%        N/A       43%         9
 Discord                  Hex            43%        N/A       80%         8
 Conjure Ball Lightning   Conj/Air       22%        3x3d6     86%         6
 Death Channel            Necr           11%        N/A       99%         6
 Eringya's Noxious Bog    Tmut/Pois      11%        N/A       99%         6
 Iron Shot                Conj/Erth      11%        9d3       99%         6
 Simulacrum               Ice/Necr       11%        N/A       99%         6
 Statue Form              Tmut/Erth      15%        N/A       99%         6
 Dragon Form              Tmut           11%        N/A       100%        7
 Orb of Destruction       Conj           11%        9d6       100%        7
 Storm Form               Tmut/Air       22%        N/A       100%        7
 Ignition                 Fire           11%        3d5       100%        8


Dungeon Overview and Level Annotations

Branches:
Dungeon (15/15)            Temple (0/1) D:4            Lair (6/6) D:10
 Shoals (4/4) Lair:3        Snake (4/4) Lair:3        Slime (0/5) Lair:5
    Orc (2/2) D:12            Elf (3/3) Orc:2        Vaults (5/5) D:13
  Crypt (0/3) Vaults:3     Depths (2/4) D:15        Desolation (visited)
Gauntlet (visited)

Altars:
Dithmenos
Elyvilon
Fedhas
Gozag
Kikubaaqudgha
Nemelex Xobeh
Qazlal
Zin
Lugonu

Shops:
D:7 [   D:13 :*[[   Orc:2 [*(=*   Elf:1 [   Shoals:1 !   Snake:1 (:=!
Snake:3 =*   Vaults:1 (

Portals:
Hell: Depths:1
Abyss: Depths:1
Pandemonium: Depths:1

Annotations:
Orc:2 3 runed translucent doors, exclusion: obsidian statue, thesequoiad's ghost, journeyman MiFi
Elf:2 1 runed translucent door


Innate Abilities, Weirdness & Mutations

You are very small and have problems with some larger weapons.
You are too small for most types of armour.
You have supernaturally acute eyesight. (SInv)
You cover ground extremely quickly. (Speed+++)


Message History

You emit a cloud of dark smoke.
The yaktaur shoots a bolt.
The bolt hits you!!
You emit a cloud of dark smoke.
The orc knight shoots a bolt.
The bolt completely misses you.
The storm dragon breathes lightning at you.
The bolt of lightning misses you.
A phantasmal warrior comes into view.
The troll closely misses you. The troll misses you. x2
The deep elf high priest calls down the wrath of its god upon you.
Something smites you!
The tentacled monstrosity tentacle-slaps you.
The tentacled monstrosity completely misses you. x2
The tentacled monstrosity constricts you!
The orc knight shoots a bolt.
The bolt hits you!
* * * LOW HITPOINT WARNING * * *
x2 The yaktaur shoots a bolt.
The bolt completely misses you.
You hear a shout!
There is a stone staircase leading up, spattered with blood here.
You escape the tentacled monstrosity's grasp.
The troll completely misses you. x3
The deep elf high priest calls down the wrath of its god upon you.
Something smites you!
* * * LOW HITPOINT WARNING * * *
The yaktaur shoots a bolt.
The bolt completely misses you.
You climb upwards.
There is a stone staircase leading down here.
Casting: Portal Projectile (safe; 0% risk of failure)
Confirm with . or Enter, or press ? or * to list all spells.
You feel a surge of power!
You blink.
The tentacled monstrosity completely misses you.
The tentacled monstrosity barely misses you.
The tentacled monstrosity misses you. The tentacled monstrosity grabs you.
The tentacled monstrosity constricts you.
* * * LOW HITPOINT WARNING * * *
The tentacled monstrosity's grasp on you weakens, but your attempt to escape fails.
The tentacled monstrosity completely misses you.
The tentacled monstrosity closely misses you.
The tentacled monstrosity tentacle-slaps you.
* * * LOW HITPOINT WARNING * * *
The tentacled monstrosity constricts you.
You die...

...........# #.....'..#.
...........# #.....##[..
...........# #########.....###..
..<.[......# #.......#.....# ###
...........# #.......#.[)..#
...........# #.......#..)..#
##########'####.......#..)).# ##
#####......#..X>..[#.....#####
.###...#......#.@.T...'.....#....
.'.#...'.#''#.#.......#)....#.###
'###'..###≈≈###.......#..)..#.#..
#...#'####≈≈###.......)....[#.#.#
#...#.##.#''#.'.......#[[...#.#.#
#...####......#########.[)[.#.###
'###'..#......# #.[.).#.#..
.#.'...######## #[[[).#.###
.###...# #..[..#....


You could see a tentacled monstrosity and a troll.

Vanquished Creatures
  Boris (thrice) (Vaults:3 Vaults:4 Depths:1)
  Xtahua (Vaults:2)
  Saint Roka (Vaults:2)
  Bai Suzhen (Vaults:2)
  A golden dragon (Vaults:5)
  A tentacled monstrosity (Vaults:2)
  Mlioglotl (Shoals:1)
  Asterion (Vaults:1)
  A deep elf blademaster (Elf:3)
  A kraken (Shoals:3)
  A sphinx (Vaults:4)
  A tengu reaver (Vaults:5)
  Kirke (D:15)
  3 nagarajas (Snake:4)
  Ilsuiw (Shoals:2)
  A storm dragon (Depths:2)
  Louise (Snake:3)
  Roxanne (Shoals:4)
  A fire giant (Vaults:2)
  An imperial myrmidon (Desolation)
  8 vault wardens
  4 deep elf sorcerers
  4 orc warlords
  A frost giant (Depths:2)
  2 deep elf elementalists
  18 ironbound preservers
  7 very ugly things
  2 war gargoyles
  6 stone giants
  4 ironbound thunderhulks
  A green draconian (Vaults:2)
  7 dire elephants
  7 deep elf demonologists
  2 deep elf annihilators (Elf:3)
  A halazid warlock (Desolation)
  An entropy weaver (Vaults:3)
  A minotaur (Gauntlet)
  5 merfolk javelineers
  6 deep elf death magi
  2 crystal guardians
  Josephine (D:15)
  3 merfolk impalers
  3 ragged hierophants (Desolation)
  9 yaktaur captains
  An ettin (D:15)
  3 ice dragons
  2 deep elf high priests (Elf:3)
  2 fire dragons (Depths:1)
  2 great orbs of eyes (Vaults:1)
  5 servants of whispers (Desolation)
  5 salamander tyrants
  Harold (Lair:1)
  A rakshasa (Depths:1)
  23 vault guards
  2 boulder beetles
  12 hydras
  3 merfolk avatars
  A catoblepas (D:13)
  4 peacekeepers
  Erica (D:10)
  3 centaur warriors
  A death knight (D:15)
  11 anacondas
  20 dancing weapons
  17 naga warriors
  2 alligator snapping turtles (Shoals:4)
  A satyr (shapeshifter) (Depths:1)
  3 satyrs
  5 merfolk aquamancers
  3 deep troll shamans (Depths:1)
  4 tengu warriors
  6 ironbound frosthearts
  Urug (D:10)
  4 two-headed ogres
  6 death yaks (Lair:5)
  2 spriggan berserkers (Depths:1)
  6 naga sharpshooters
  A deep troll earth mage (Depths:1)
  11 shock serpents
  3 orc high priests (Orc:2)
  2 vampire magi (Depths:1)
  A hell knight (Depths:2)
  2 spriggans (Depths:1)
  2 sun demons (Depths:1)
  Sonja (D:11)
  8 deep elf knights
  A fire crab (shapeshifter) (Elf:2)
  A soul eater (Depths:1)
  6 naga ritualists
  7 salamander mystics
  Lodul (D:12)
  22 sea snakes
  44 deep trolls
  A kraken simulacrum (Shoals:4)
  14 ironbound convokers
  5 deep elf archers
  A phantasmal warrior (Vaults:2)
  7 wizards
  A harpy (shapeshifter) (Elf:2)
  6 lindwurms
  21 deep elf pyromancers
  19 deep elf zephyrmancers
  12 harpies
  2 necromancers (D:15)
  10 orc knights
  10 mana vipers
  17 ugly things
  A tengu skeleton (Vaults:1)
  7 orc sorcerers
  A wolf spider (D:13)
  17 fauns
  10 cyclopes
  24 salamanders
  A moth of wrath (shapeshifter) (Vaults:2)
  13 manticores
  10 merfolk sirens
  Joseph (D:10)
  6 guardian serpents
  35 black mambas
  12 naga magi
  Maurice (D:10)
  A human skeleton (Vaults:1)
  An orange demon (Depths:1)
  A torpor snail (Lair:4)
  An unseen horror (D:13)
  11 vault sentinels
  6 water nymphs
  A molten gargoyle (Desolation)
  2 gargoyles
  14 cane toads
  10 komodo dragons
  A yaktaur (shapeshifter) (Vaults:2)
  A tengu conjurer (Elf:1)
  A rime drake (Lair:2)
  A freezing wraith (D:15)
  4 kobold demonologists
  37 yaktaurs
  27 merfolk
  A hellwing (Depths:1)
  4 tyrant leeches (Lair:6)
  A polar bear (Lair:6)
  A tarantella (shapeshifter) (D:15)
  21 blink frogs
  33 saltlings (Desolation)
  3 wind drakes
  3 hornets
  9 trolls
  8 dream sheep
  36 slime creatures
  12 snapping turtles
  A jumping spider (Vaults:1)
  17 water elementals
  8 wraiths
  A culicivora (shapeshifter) (D:15)
  3 air elementals
  2 fire elementals
  54 yaks
  2 wyverns (D:10)
  5 basilisks
  3 redbacks
  3 steam dragons
  3 chaos spawn
  9 vampire mosquitoes
  2 swamp worms (Gauntlet)
  26 nagas
  2 wargs
  21 water moccasins
  3 floating eyes (shapeshifter)
  2 hell hounds (Gauntlet)
  46 orc warriors
  2 ice beasts
  8 black bears
  4 sky beasts
  A hornet zombie (D:7)
  10 ogres
  6 boggarts
  2 centaurs
  27 wolves
  3 phantoms (D:5)
  5 kobold brigands
  2 gnoll sergeants
  A wyvern zombie (D:7)
  20 bullfrogs
  2 earth elementals
  6 necrophages
  8 wights
  13 killer bees
  16 electric eels
  7 howler monkeys
  2 centaur zombies (D:7)
  4 jellies
  3 hounds
  28 orc priests
  A human zombie (D:7)
  6 iguanas
  20 orc wizards
  7 hell rats (Lair:2)
  A killer bee zombie (D:7)
  A mummy (D:7)
  2 howler monkey zombies (D:7)
  18 adders
  9 gnolls
  2 shadow imps
  12 white imps (Lair:6)
  A worm (D:4)
  6 dart slugs
  103 orcs
  10 ball pythons
  4 bats
  5 endoplasms
  6 giant cockroaches
  6 goblins
  7 hobgoblins
  2 jackals (D:3)
  4 quokkas
  4 frilled lizards
  30 kobolds
  5 rats
1587 creatures vanquished.

Vanquished Creatures (collateral kills)
  Frederick (Vaults:2)
  Nikola (Elf:2)
  A bone dragon (Vaults:3)
  A tentacled monstrosity (Vaults:4)
  Zenata (Vaults:4)
  2 deep elf blademasters
  2 liches
  A walking divine tome (Depths:1)
  2 deep elf master archers (Elf:3)
  A sphinx (Vaults:5)
  Donald (Elf:2)
  A tengu reaver (Depths:2)
  A storm dragon (Vaults:4)
  A nagaraja (Snake:4)
  A deep elf sorcerer (Elf:3)
  A cacodemon (Depths:2)
  2 frost giants
  10 vault wardens
  A deep elf elementalist (Elf:3)
  Aizul (Vaults:1)
  6 ironbound preservers
  4 very ugly things
  2 stone giants
  2 war gargoyles (Vaults:4)
  3 ironbound thunderhulks
  3 entropy weavers (Vaults:1)
  2 deep elf demonologists (Elf:3)
  A deep elf annihilator (Elf:3)
  A spark wasp (Depths:2)
  6 dire elephants
  An ettin (Vaults:4)
  A merfolk javelineer (Shoals:4)
  2 fire dragons (Depths:1)
  2 crystal guardians
  A merfolk impaler (Shoals:2)
  2 deep elf death magi (Elf:3)
  A deep elf high priest (Vaults:5)
  2 ragged hierophants (Desolation)
  2 rakshasas
  4 servants of whispers (Desolation)
  2 great orbs of eyes (Vaults:1)
  A spriggan air mage (Depths:1)
  2 yaktaur captains (Vaults:3)
  18 vault guards
  5 peacekeepers
  2 salamander tyrants (Snake:4)
  4 centaur warriors (Vaults:2)
  5 anacondas
  An ogre mage (Vaults:5)
  2 merfolk aquamancers (Shoals:4)
  3 dancing weapons (Elf:2)
  4 naga warriors
  2 ironbound frosthearts
  A deep troll earth mage (Depths:2)
  2 naga sharpshooters
  A vampire mage (Depths:2)
  A hell knight (Vaults:2)
  2 salamander mystics
  2 deep elf knights (Elf:2)
  An iron troll (Depths:1)
  A glowing orange brain (Depths:1)
  2 sea snakes
  A deep elf archer (Elf:2)
  17 deep trolls
  5 wizards
  2 deep elf zephyrmancers (Elf:2)
  6 ironbound convokers
  A harpy (Shoals:2)
  A mana viper (Snake:3)
  4 deep elf pyromancers
  2 salamanders (Snake:1)
  9 ugly things
  7 black mambas
  3 merfolk sirens
  A rust devil (Depths:1)
  6 vault sentinels
  2 naga magi (Snake:1)
  4 guardian serpents
  A nameless horror (Elf:3)
  16 yaktaurs
  An ice devil (Depths:2)
  A merfolk (Shoals:4)
  A blink frog (Vaults:4)
  18 saltlings (Desolation)
  A hornet (Depths:1)
  A slime creature (Vaults:1)
  A wind drake (Shoals:4)
  A ynoxinul (Depths:1)
  A water elemental (Shoals:4)
  A vampire (D:13)
  4 redbacks (Vaults:1)
  2 wargs (Orc:1)
  2 chaos spawn
  4 nagas
  6 orc warriors
  A boggart (Vaults:1)
  An electric eel (Snake:1)
  5 orc priests
  2 orc wizards
  24 orcs
  A tentacle (Shoals:3)
312 creatures vanquished.

Vanquished Creatures (others)
  45 eldritch tentacles
  A vault warden (Vaults:3)
  A very ugly thing (Vaults:4)
  A dire elephant (Vaults:4)
  A wizard (Vaults:2)
  A slime creature (Vaults:2)
  2 saltlings (Desolation)
  7 humans (D:15)
  A bush (Lair:5)
  43 fungi
  267 plants
  33 snaplasher vines
  10 tentacles (Shoals:3)
  3 withered plants (Desolation)
416 creatures vanquished.

Grand Total: 2315 creatures vanquished

Notes
Turn   | Place    | Note
-------+----------+-------------------------------------------
     0 | D:1      | GeorgeSoros the Spriggan Arcane Marksman began the quest
                  | for the Orb.
     0 | D:1      | Reached XP level 1. HP: 9/9 MP: 3/3
    59 | D:1      | Found a faded altar of an unknown god.
   109 | D:1      | Reached skill level 3 in Dodging
   174 | D:1      | Reached XP level 2. HP: 9/14 MP: 3/5
   735 | D:1      | Reached XP level 3. HP: 17/17 MP: 6/6
  1671 | D:2      | Reached XP level 4. HP: 21/21 MP: 5/7
  1915 | D:3      | You fall into a shaft and drop 3 floors!
  1937 | D:6      | Noticed a necrophage
  1977 | D:6      | Killed a necrophage
  1978 | D:6      | Reached skill level 4 in Dodging
  2022 | D:6      | Noticed a necrophage
  2051 | D:6      | Killed a necrophage
  2052 | D:6      | Reached skill level 5 in Ranged Weapons
  2052 | D:6      | Reached XP level 5. HP: 25/25 MP: 8/8
  2107 | D:6      | Reached skill level 5 in Hexes
  2151 | D:5      | Entered Level 5 of the Dungeon
  2151 | D:5      | Noticed an ice beast
  2154 | D:5      | Identified the +6 arbalest of Misery {vorpal, rElec rF+
                  | Stlth-}
  2207 | D:5      | Noticed an ogre
  2278 | D:5      | Killed an ogre
  2279 | D:5      | Reached XP level 6. HP: 13/29 MP: 9/9
  2347 | D:5      | Killed an ice beast
  2348 | D:5      | Reached skill level 5 in Dodging
  2353 | D:5      | Upgraded the game from 0.29-a0-720-gac13c76 to
                  | 0.29-a0-772-ga24da20
  2646 | D:5      | Reached XP level 7. HP: 32/32 MP: 10/10
  2695 | D:5      | Found a glowing silver altar of Zin.
  2823 | D:5      | Found a shadowy altar of Dithmenos.
  2865 | D:5      | Reached skill level 6 in Dodging
  2875 | D:5      | Became a worshipper of Dithmenos the Shadowed
  3667 | D:3      | Reached * piety under Dithmenos
  3852 | D:3      | Found a blossoming altar of Fedhas.
  4276 | D:4      | Found a staircase to the Ecumenical Temple.
  4714 | D:5      | Reached XP level 8. HP: 37/37 MP: 11/11
  4889 | D:5      | Found a sparkling altar of Nemelex Xobeh.
  5205 | D:6      | Reached skill level 7 in Dodging
  6013 | D:7      | Reached skill level 10 in Ranged Weapons
  6355 | D:7      | Found Gubbewk's Armour Emporium.
  6423 | D:7      | Reached skill level 8 in Dodging
  6423 | D:7      | Reached XP level 9. HP: 40/40 MP: 12/12
  6641 | D:7      | Found an ancient bone altar of Kikubaaqudgha.
  6765 | D:7      | Reached ** piety under Dithmenos
  7635 | D:8      | Found a stormy altar of Qazlal.
  7713 | D:8      | Reached skill level 9 in Dodging
  8489 | D:8      | Reached XP level 10. HP: 44/44 MP: 13/13
  8752 | D:8      | Reached skill level 10 in Dodging
  9161 | D:9      | Reached *** piety under Dithmenos
  9518 | D:9      | Reached skill level 10 in Hexes
  9658 | D:9      | Found a white marble altar of Elyvilon.
  9915 | D:10     | Entered Level 10 of the Dungeon
  9960 | D:10     | Noticed Maurice
  9966 | D:10     | Killed Maurice
 10314 | D:10     | Noticed Joseph
 10326 | D:10     | Killed Joseph
 10344 | D:10     | Noticed a two-headed ogre
 10348 | D:10     | Reached skill level 11 in Dodging
 10364 | D:10     | Killed a two-headed ogre
 10419 | D:10     | Reached XP level 11. HP: 48/48 MP: 14/14
 10428 | D:10     | Reached **** piety under Dithmenos
 10438 | D:10     | Noticed Urug
 10456 | D:10     | Killed Urug
 10626 | D:10     | Found a staircase to the Lair.
 10692 | D:10     | Noticed Erica
 10718 | D:10     | Killed Erica
 11150 | Lair:1   | Entered Level 1 of the Lair of Beasts
 11170 | D:10     | Reached skill level 15 in Ranged Weapons
 11262 | Lair:1   | Reached skill level 12 in Dodging
 11528 | Lair:1   | Identified the +1 pair of gloves of a bailey {+Inv Will+
                  | Str+3}
 11765 | Lair:1   | Noticed a five-headed hydra
 11805 | Lair:1   | Killed a five-headed hydra
 11842 | Lair:1   | Reached skill level 13 in Dodging
 11843 | Lair:1   | Reached XP level 12. HP: 42/52 MP: 15/15
 12203 | Lair:1   | Noticed Harold
 12208 | Lair:1   | Killed Harold
 12259 | Lair:1   | Reached ***** piety under Dithmenos
 12451 | Lair:1   | Learned a level 5 spell: Summon Forest
 13376 | Lair:2   | Found the +8 whip "Snakebite" {venom, curare, rPois}
 13821 | Lair:3   | Found a staircase to the Shoals.
 13899 | Lair:3   | Found a staircase to the Snake Pit.
 13991 | Lair:3   | Noticed a four-headed hydra
 13995 | Lair:3   | Killed a four-headed hydra
 13996 | Lair:3   | Reached skill level 1 in Summonings
 13996 | Lair:3   | Noticed a seven-headed hydra
 14013 | Lair:3   | Killed a seven-headed hydra
 14536 | Lair:3   | Reached skill level 5 in Translocations
 14958 | Lair:4   | Reached XP level 13. HP: 56/56 MP: 16/16
 15131 | Lair:4   | You fall into a shaft and drop 2 floors!
 15131 | Lair:6   | Entered Level 6 of the Lair of Beasts
 15214 | Lair:5   | Found a staircase to the Slime Pits.
 16005 | Lair:5   | Learned a level 4 spell: Cause Fear
 16029 | Lair:5   | Reached XP level 14. HP: 60/60 MP: 17/17
 16244 | Lair:5   | Reached ****** piety under Dithmenos
 16403 | Lair:5   | Learned a level 3 spell: Inner Flame
 16462 | Lair:5   | Reached skill level 10 in Translocations
 17841 | Lair:6   | Reached skill level 10 in Summonings
 19010 | D:11     | Noticed Sonja
 19021 | D:11     | Killed Sonja
 19720 | D:12     | Noticed Lodul
 19722 | D:12     | Killed Lodul
 19734 | D:12     | Found a transporter.
 19745 | D:12     | Found a transporter.
 20085 | D:12     | Reached XP level 15. HP: 62/63 MP: 18/18
 20551 | D:12     | Found a staircase to the Orcish Mines.
 20894 | Orc:1    | Entered Level 1 of the Orcish Mines
 21116 | Orc:2    | Entered Level 2 of the Orcish Mines
 21116 | Orc:2    | Found a runed translucent gate.
 21116 | Orc:2    | Found a runed translucent gate.
 21116 | Orc:2    | Found a runed translucent gate.
 21138 | Orc:2    | Found an opulent altar of Gozag.
 21182 | Orc:2    | Found Poagupt's Assorted Antiques.
 21183 | Orc:2    | Noticed thesequoiad's ghost (journeyman MiFi)
 21208 | Orc:2    | Learned a level 3 spell: Portal Projectile
 21403 | Orc:1    | You fall into a shaft and drop 1 floor!
 21427 | Orc:2    | Learned a level 2 spell: Blink
 21525 | Orc:2    | Found a staircase to the Elven Halls.
 21609 | Orc:2    | Noticed an orc warlord
 21700 | Orc:2    | Reached skill level 14 in Dodging
 22001 | Orc:2    | Killed an orc warlord
 22316 | Orc:2    | Reached skill level 5 in Spellcasting
 22743 | Orc:2    | Found Zamuzistyg's General Store.
 22744 | Orc:2    | Found Laihauda's Jewellery Emporium.
 22746 | Orc:2    | Found Zuimu's Antique Armour Shoppe.
 22746 | Orc:2    | Found Howoeps's Antique Weapon Shoppe.
 22761 | Orc:2    | Bought a +1 hat for 154 gold pieces
 22763 | Orc:2    | Bought a ring of wizardry for 330 gold pieces
 22764 | Orc:2    | Bought 2 potions of curing for 84 gold pieces
 22764 | Orc:2    | Bought a potion of mutation for 112 gold pieces
 22764 | Orc:2    | Bought a potion of brilliance for 56 gold pieces
 23815 | D:12     | Reached skill level 15 in Dodging
 23831 | D:12     | Identified the ring "Yvewk" {rElec rPois rF+ Int-4 SInv}
 23865 | D:13     | Found Ener's Book Boutique.
 23890 | D:13     | Bought Taeratz's Guide on Bewitching Weightlessness for 510
                  | gold pieces
 23895 | D:13     | Learned a level 4 spell: Summon Lightning Spire
 23908 | D:13     | Found a gate leading to a gauntlet.
 23920 | D:13     | Found Sahat's General Store.
 23938 | Gauntlet | Entered a Gauntlet
 23938 | Gauntlet | Found a transporter.
 23938 | Gauntlet | Found a transporter.
 23938 | Gauntlet | Found a transporter.
 23951 | Gauntlet | Found a transporter.
 23951 | Gauntlet | Found a transporter.
 23955 | Gauntlet | Found a runed translucent door.
 23959 | Gauntlet | Found a transporter.
 23962 | Gauntlet | Found a transporter.
 23979 | Gauntlet | Found a transporter.
 23988 | Gauntlet | Found a transporter.
 23996 | Gauntlet | Found a transporter.
 23996 | Gauntlet | Found a transporter.
 23998 | Gauntlet | Found a runed translucent door.
 24006 | Gauntlet | Found a transporter.
 24171 | Gauntlet | Reached skill level 1 in Air Magic
 24180 | Gauntlet | Identified the +1 hat of Reason {rPois}
 24203 | Gauntlet | Reached XP level 16. HP: 75/75 MP: 26/26
 24264 | Gauntlet | Identified the +2 hat of Hedging {rC+ Stlth+}
 24268 | Gauntlet | Got the Tome of Scorching Stolen Souls
 24601 | D:13     | Found Lulesy's Antique Armour Shop.
 24683 | D:13     | Found a gate to the Vaults.
 24713 | D:13     | Reached skill level 16 in Dodging
 24902 | D:13     | Identified the +10 broad axe "Hausiyf" {flame, Drain rPois
                  | Dex+4}
 25098 | D:13     | Found Culish's Antique Armour Shop.
 25297 | Shoals:1 | Entered Level 1 of the Shoals
 25584 | Shoals:1 | Found Nieroefa's Distillery.
 25768 | Shoals:1 | Noticed Mlioglotl
 25774 | Shoals:1 | Reached skill level 5 in Air Magic
 25829 | Shoals:1 | Paralysed by accursed screaming for 1 turns
 25830 | Shoals:1 | Killed Mlioglotl
 26196 | Shoals:1 | Reached skill level 17 in Dodging
 26444 | Shoals:1 | Reached XP level 17. HP: 63/79 MP: 27/27
 27355 | Shoals:2 | Reached skill level 18 in Dodging
 27363 | Shoals:2 | Identified the ring of Togh {rPois Int+6 Slay+3}
 27377 | Shoals:2 | Reached skill level 1 in Evocations
 27770 | Shoals:2 | Reached skill level 5 in Evocations
 28040 | Shoals:2 | Noticed Ilsuiw
 28078 | Shoals:2 | Reached skill level 19 in Dodging
 28095 | Shoals:2 | Killed Ilsuiw
 28491 | Shoals:2 | Noticed a kraken
 28521 | Shoals:3 | Identified the ring of Mibosch {Ice Dex+3}
 29183 | Shoals:3 | Noticed a kraken
 29212 | Shoals:3 | Killed a kraken
 29753 | Shoals:4 | Entered Level 4 of the Shoals
 30035 | Shoals:4 | Learned a level 6 spell: Summon Cactus Giant
 30369 | Shoals:4 | Noticed Roxanne
 30385 | Shoals:4 | Killed Roxanne
 30762 | Shoals:4 | Identified the +7 gold dragon scales of the Morning Star
                  | {-Tele rPois rF+ rC+ Dex+4 Stlth+}
 31101 | Shoals:4 | Got a barnacled rune of Zot
 31421 | Shoals:4 | Reached skill level 10 in Evocations
 31530 | Snake:1  | Entered Level 1 of the Snake Pit
 31530 | Snake:1  | Found Mori's Distillery.
 31627 | Snake:1  | Bought a potion of heal wounds for 80 gold pieces
 31627 | Snake:1  | Bought a potion of invisibility for 128 gold pieces
 31627 | Snake:1  | Bought a potion of heal wounds for 80 gold pieces
 31656 | Snake:1  | Reached XP level 18. HP: 76/83 MP: 20/31
 32256 | Snake:1  | Reached skill level 10 in Spellcasting
 32537 | Snake:1  | Found Ofohoc's Jewellery Emporium.
 32566 | Snake:1  | Found Vushop's Book Boutique.
 32821 | Snake:1  | Found Qatistro's Weapon Emporium.
 34590 | Snake:2  | Learned a level 7 spell: Malign Gateway
 35254 | Snake:3  | Found Bemoff's Bounteous Boutique.
 35369 | Snake:3  | Reached skill level 15 in Summonings
 35785 | Snake:3  | Noticed Louise
 35826 | Snake:3  | Killed Louise
 35953 | Snake:3  | Found Tyikip's Jewellery Emporium.
 36734 | Snake:4  | Entered Level 4 of the Snake Pit
 37188 | Snake:4  | Reached XP level 19. HP: 87/87 MP: 34/34
 37512 | Snake:4  | Reached skill level 15 in Translocations
 38927 | Snake:4  | Got a serpentine rune of Zot
 39335 | Vaults:1 | Entered Level 1 of the Vaults
 39601 | Vaults:1 | Found a crumbling gateway.
 39750 | Desolati | Entered the Desolation of Salt
 40473 | Desolati | Got the Disquisition on Fetching Stones
 40681 | Desolati | Identified the ring of the Ban {Fly rPois rN+ Will+}
 40740 | Desolati | Identified the +1 scale mail "Seodaot" {SInv}
 40750 | Desolati | Identified the amulet of Vokamn {Acrobat SInv}
 40757 | Desolati | Identified the ring "Vysmeutz" {rC+ Int+6}
 41120 | Desolati | Identified the +0 shortbow "Wonnim" {vorpal, Dex+7}
 41218 | Desolati | Found the +8 trishula "Condemnation" {holy, anguish, *Noise
                  | Fly rN+}
 41221 | Desolati | Identified the +1 scale mail of the Snake Pit {rN+}
 41391 | Desolati | Identified the amulet "Teobrale" {Reflect rPois SH+5}
 41437 | Desolati | Got the Disquisition on Scorching Battle Magic
 41448 | Desolati | Identified the ring "Ukhuekeq" {rPois rN+ Int+6}
 41501 | Desolati | Got the Guide on Destructive Flames
 41846 | Vaults:1 | Reduced skill Ranged Weapons to level 15
 41846 | Vaults:1 | Upgraded the game from 0.29-a0-772-ga24da20 to
                  | 0.29-a0-812-g49d5403
 41964 | Vaults:1 | Reached XP level 20. HP: 91/91 MP: 17/35
 42523 | Vaults:1 | Reached skill level 20 in Dodging
 42662 | Vaults:1 | Found Jyciefri's Weapon Shoppe.
 42671 | Vaults:1 | Noticed Aizul
 42687 | Vaults:1 | Killed Aizul
 42869 | Vaults:1 | Noticed Asterion
 42893 | Vaults:1 | Killed Asterion
 43936 | Vaults:1 | Upgraded the game from 0.29-a0-812-g49d5403 to
                  | 0.29-a0-813-g4a14ea3
 44219 | Vaults:2 | Noticed Frederick
 44228 | Vaults:2 | Killed Frederick
 44586 | Vaults:2 | Noticed Bai Suzhen
 44600 | Vaults:2 | Killed Bai Suzhen
 44791 | Vaults:2 | Reached skill level 21 in Dodging
 44933 | Vaults:2 | Noticed Saint Roka
 44985 | Vaults:2 | Killed Saint Roka
 46968 | Vaults:2 | Identified the ring "Vyngoukh" {rElec Will+ EV+4 Str-2
                  | Stlth+}
 47334 | Vaults:2 | Reached XP level 21. HP: 95/95 MP: 27/36
 47638 | Vaults:2 | Identified the +5 arbalest of the Eleven Ears {flame, rPois
                  | rF- Will+ Int+7 Stlth+}
 47666 | Vaults:2 | Reached skill level 22 in Dodging
 47991 | Vaults:2 | Identified the +13 tower shield of Indomitability {+Inv
                  | rElec rN+ Dex-3}
 48141 | Vaults:2 | Noticed Xtahua
 48416 | Vaults:2 | Killed Xtahua
 48668 | Vaults:2 | Upgraded the game from 0.29-a0-813-g4a14ea3 to
                  | 0.29-a0-815-g41c3e4b
 50354 | Vaults:3 | Reached skill level 23 in Dodging
 50878 | Vaults:3 | Found a staircase to the Crypt.
 50973 | Vaults:3 | Found a gateway to a bazaar.
 50981 | Bazaar   | Entered a bazaar
 50981 | Bazaar   | Found Zuiharim's Armour Shoppe.
 50989 | Bazaar   | Found Woushed's Jewellery Boutique.
 50996 | Bazaar   | Found Kitaso's Antique Weapon Boutique.
 51005 | Bazaar   | Found Efubix's Book Emporium.
 51638 | Vaults:3 | Noticed Boris
 51646 | Vaults:3 | Killed Boris
 51865 | Vaults:4 | Noticed Boris
 51881 | Vaults:4 | Killed Boris
 52431 | Vaults:4 | Noticed Zenata
 52827 | Vaults:4 | Got the Vellum of the Stony Snowflakes
 53449 | Vaults:4 | Reached skill level 24 in Dodging
 53496 | Vaults:4 | Killed Zenata
 54271 | Vaults:4 | Reached XP level 22. HP: 100/100 MP: 18/37
 54552 | Vaults:4 | Upgraded the game from 0.29-a0-815-g41c3e4b to
                  | 0.29-a0-816-g82769f0
 55268 | Vaults:4 | Identified the +2 mace of the Secret Dreams {holy, rF+
                  | Str+2 Dex+2}
 55781 | D:14     | Reached skill level 25 in Dodging
 56305 | D:15     | Entered Level 15 of the Dungeon
 56398 | D:15     | Noticed Kirke
 56403 | D:15     | Killed Kirke
 56564 | D:15     | Identified the +0 robe of Tenacity {rC+}
 56613 | D:15     | Noticed Josephine
 56616 | D:15     | Killed Josephine
 56945 | D:15     | Found a staircase to the Depths.
 57288 | Elf:1    | Entered Level 1 of the Elven Halls
 57908 | Elf:1    | Found Paintoev's Armour Boutique.
 58477 | Elf:2    | Identified the +6 falchion "Tiohi" {freeze, rElec Int+2}
 59043 | Elf:2    | Found a runed translucent door.
 59069 | Elf:2    | Found a runed translucent door.
 59656 | Elf:2    | Noticed Donald
 59673 | Elf:2    | Killed Donald
 59708 | Elf:2    | Learned a level 8 spell: Summon Horrible Things
 59955 | Elf:2    | Noticed Nikola
 59960 | Elf:2    | Killed Nikola
 60218 | Elf:3    | Entered Level 3 of the Elven Halls
 61648 | Elf:3    | Identified the +1 robe "Xopt" {Dex+3}
 61648 | Elf:3    | Identified the +1 trident of Okawaru, Cursing {drain, rCorr
                  | Int+4}
 61690 | Elf:3    | Identified the ring "Enilyck" {MP+9 Str+2 Int+2 SInv}
 61855 | Elf:3    | Identified the +9 morningstar "Tooj" {vorpal, rC++ rN+
                  | Int+7}
 62054 | Elf:3    | Reached XP level 23. HP: 95/103 MP: 12/40
 62978 | Elf:3    | Identified the ring of Peace {Will+ Str+5 SInv}
 63458 | Depths:1 | Entered Level 1 of the Depths
 63525 | Depths:1 | Found a corrupted altar of Lugonu.
 63541 | Depths:1 | Found a one-way gate to the infinite horrors of the Abyss.
 64276 | Depths:1 | Noticed Boris
 64290 | Depths:1 | Killed Boris
 64524 | Snake:1  | Bought the amulet of Eseic {Regen+ Dex-4 Slay+5 Stlth+} for
                  | 890 gold pieces
 65673 | Depths:1 | Found a one-way gate leading to the halls of Pandemonium.
 65704 | Depths:1 | Found a gateway to Hell.
 65987 | Depths:1 | Upgraded the game from 0.29-a0-816-g82769f0 to
                  | 0.29-a0-819-g94b489e
 66578 | Vaults:5 | Entered Level 5 of the Vaults
 67401 | Vaults:4 | HP: 5/103 [tentacled monstrosity (4)]
 67401 | Vaults:4 | Constricted to death by a tentacled monstrosity

Illustrated notes

Levels and vault maps discovered:
D:1:      mrwooster_arrival_statue, layout_basic,
          dreamdust_ecumenical_altar_angels_and_demons, minmay_worlds_worst_comb
D:2:      layout_rooms, amcnicky_mini_rare_corridor_liquid
D:3:      layout_loops_corners, mainiacjoe_overflow_surrounded_room,
          minmay_misc_feat_rugged, minmay_checkerbox
D:4:      layout_loops_ring, minmay_temple_entry_glassed_door
D:5:      layout_cave_pools, zin_academy, lemuel_doored_altar,
          grunt_dithmenos_shadows, hangedman_decor_diamond_cutter,
          kennysheep_generic_room_14
D:6:      layout_gridville, chequers_big_river
D:7:      layout_loops_corners, lemuel_mausoleum_altar_kikubaaqudgha,
          serial_shops, kennysheep_mini_moat
D:8:      layout_rooms, nicolae_qazlal_style_of_elements, kennysheep_crisscross,
          hangedman_misty_isle
D:9:      layout_loops_corners, nicolae_elyvilon_peaceful_grove, st_stairs_2,
          minmay_misc_feat_plants
D:10:     layout_loops_ring, david_lair_generic, serial_glass, glass_columns_b,
          glass_columns_c, item_on_display_a, due_unseen_surprise,
          feat_on_display, item_on_display_a, uniq_urug, uniq_joseph,
          uniq_erica, uniq_maurice
D:11:     minmay_razor_zed, layout_rooms, uniq_sonja
D:12:     gammafunk_wand_slinger, layout_loops_corners, hiddenorc1_lemuel,
          uniq_lodul
D:13:     layout_long_grid, lightli_vaults_fourway_checkpoint, serial_shops,
          shop, nicolae_shop_hallway_plus, nicolae_take_the_stairs,
          nicolae_shop_behind_doors, gauntlet_entry_generic
D:14:     layout_long_grid, kennysheep_nondescript
D:15:     hangedman_depths_entry_civil_slaughter, layout_rooms,
          minmay_misc_feat_room, uniq_kirke, uniq_josephine
Lair:1:   beast_lair_carwin_large_1, layout_chaotic_city, uniq_harold
Lair:2:   minmay_guarded_unrand_snakebite, layout_small_grid
Lair:3:   layout_loops_ring, elwin_shoals_entry_rocks, dummy_snake_entry
Lair:4:   layout_regular_city
Lair:5:   layout_gridlike, slime_entry_1, grunt_megastairs_1,
          lemuel_fruit_fields
Lair:6:   minmay_lair_end_frog_pond, layout_cave_pods,
          portal_ice_cave_entry_imps, gammafunk_lair_bear_cave,
          lemuel_fruit_fields
Shoals:1: nicolae_shoals_island_circles, layout_shoals, serial_shops,
          nicolae_shop_temple_entry_statues_fountains, uniq_mlioglotl
Shoals:2: layout_shoals, uniq_ilsuiw
Shoals:3: layout_shoals, nicolae_shoals_kraken_intersection
Shoals:4: shoals_end_grunt_ice, layout_shoals, uniq_roxanne
Snake:1:  layout_rooms, serial_bayou, serial_bayou_shore_b,
          serial_bayou_lagoon_a, serial_bayou_lagoon_b, serial_bayou_crossing,
          serial_shops, shop, shop, shop_fountains,
          nicolae_shop_advertising_works [nicolae_subvault_shop_adworks],
          nicolae_snake_salamander_fort
Snake:2:  layout_onion_interference, serial_bayou_shore_a, grunt_megastairs_4
Snake:3:  layout_layer_cave, serial_shops, shop_statue, nicolae_alphabet_shops,
          nicolae_snake_gridmaze_spiral, uniq_louise
Snake:4:  snake_pit_salamanders_mu, layout_cave_town, st_stairs_13,
          serial_bayou_shore_b
Orc:1:    layout_caves
Orc:2:    st_orc_congregation, layout_caves, ebering_ghost_gozag
Elf:1:    elf_arrival_001, layout_geoelf_octagon, serial_shops, shop,
          hangedman_elf_disciples, drop_trap
Elf:2:    elven_hall_of_blades_hangedman_original
          [nicolae_blade_entry_splitting_headache], layout_rooms,
          nicolae_elf_free_trip_to_the_abyss, uniq_nikola, uniq_donald
Elf:3:    grunt_elf_hall_asides, layout_geoelf_diagonals
Vaults:1: portal_desolation_entry_nicolae_slug, hangedman_vaults_maws,
          vaults_mumra_minichess_inversion, dpeg_vaults_monster_box,
          vaults_dpeg_diagonal, nicolae_vaults_little_ls, v_alt_pattern_6,
          layout_vaults_quadrants, serial_shops,
          nicolae_shop_bloodbath_and_beyond, uniq_asterion, uniq_aizul
Vaults:2: hangedman_vaults_impose, st_greater_box_5, v_misc_25, v_misc_12,
          nicolae_vaults_little_squares_6, ontoclasm_vaults_tryst,
          nicolae_vaults_little_squares_3, nicolae_vaults_yaktaur_gun_rack,
          layout_vaults_chaotic_city, uniq_xtahua, uniq_bai_suzhen,
          uniq_frederick, uniq_saint_roka
Vaults:3: hangedman_vaults_corner_blocks, nicolae_vaults_circle_grid_b,
          v_misc_25, hangedman_vaults_maws, nicolae_vaults_twisting_passages,
          nicolae_vaults_little_squares_4, grunt_vaults_swirl,
          vaults_room_guarded_vault, v_misc_26, v_rooms_1,
          minmay_crypt_entry_nasty_monster, nicolae_vaults_circle_grid_b,
          v_misc_22, v_misc_13, v_alt_pattern_2, grunt_vaults_hallway_short,
          nicolae_vaults_little_squares_3, nicolae_vaults_little_squares_2,
          layout_vaults_omnibox, serial_shops, bzr_entry_dummy, uniq_boris
Vaults:4: nicolae_vaults_little_squares_2, vaults_room_octagon,
          ontoclasm_vaults_eye, hangedman_vaults_river_flow,
          nicolae_vaults_network_quinsquares
          [nicolae_vaults_network_quincunx_subvault,
          nicolae_vaults_network_quincunx_subvault,
          nicolae_vaults_network_quincunx_subvault,
          nicolae_vaults_network_quincunx_subvault], hangedman_vaults_stream,
          hangedman_vaults_pinch, hangedman_vaults_cutoff,
          nicolae_vaults_ring_of_whatevers, st_octagons_2,
          ontoclasm_vaults_twist, v_misc_13, ontoclasm_vaults_gateway,
          ontoclasm_vaults_decontamination, layout_vaults_ring, uniq_zenata
Vaults:5
Depths:1: layout_cave_pools, pf_coc_iceberg, grunt_pan_entry_spiral,
          abyss_entry_flame_altar, serial_co_window_serial, co_window_paths_b,
          co_window_paths_a, co_window_of_opportunity_a, co_window_paths_a,
          co_window_corner_a, co_window_corner_a, co_window_paths_c,
          co_window_cross_3, co_window_broadway_b, glass_columns_c,
          glass_columns_c, glass_columns_a, nicolae_lava_and_water,
          due_unseen_surprise
Depths:2: minmay_the_grid_square_5x5_4x4 [minmay_the_grid_square_5x5_three,
          minmay_the_grid_square_5x5_eight_small,
          minmay_the_grid_square_5x5_minibox,
          minmay_the_grid_square_5x5_n_small,
          minmay_the_grid_square_5x5_longway,
          minmay_the_grid_square_5x5_prize_itemx,
          minmay_the_grid_square_5x5_prize_rear_guard,
          minmay_the_grid_square_5x5_bracketed,
          minmay_the_grid_square_5x5_bridge,
          minmay_the_grid_square_5x5_prize_open,
          minmay_the_grid_square_5x5_prize_waves,
          minmay_the_grid_square_5x5_checkered_sparse,
          minmay_the_grid_square_5x5_z, minmay_the_grid_square_5x5_inner_z,
          minmay_the_grid_square_5x5_seven,
          minmay_the_grid_square_5x5_hourglass], layout_honeycomb,
          enter_ziggurat_c, rand_demon_pan_entry_3, hell_entry,
          minmay_staircase_statues_hall_small

Skill      XL: |  1  2  3  4  5  6  7  8  9 10 11 12 13 14 15 16 17 18 19 20 21 22 23 |
---------------+----------------------------------------------------------------------+-----
Dodging        | 3 4 5 6 8 9 11 13 15 17 19 21 24 25 | 25.0
Ranged Weapons | 3 4 5 6 8 10 12 14 16 18 15 16 18 | 18.0
Hexes          | 4 5 6 7 9 10 12 | 12.7
Summonings     | 6 7 11 12 15 17 18 19 20 21 | 21.9
Translocations | 6 8 12 14 18 20 | 20.0
Spellcasting   | 6 8 10 12 13 | 13.0
Air Magic      | 1 5 6 |  6.0
Fighting       | 4 |  4.6
Evocations     | 10 | 10.0

Action                   |  1- 3 |  4- 6 |  7- 9 | 10-12 | 13-15 | 16-18 | 19-21 | 22-24 || total
-------------------------+-------+-------+-------+-------+-------+-------+-------+-------++-------
Melee: Whip              |       |       |       |     1 |     2 |       |       |       ||     3
       Arbalest          |       |       |       |       |       |     1 |       |       ||     1
 Fire: Sling             |   137 |    59 |       |       |       |       |       |       ||   196
       Arbalest          |       |    16 |   289 |   508 |   939 |  1218 |  1261 |   924 ||  5155
 Cast: Slow              |    13 |     8 |     5 |    65 |    10 |     3 |     1 |       ||   105
       Cause Fear        |       |       |       |       |     2 |       |       |       ||     2
       Summon Forest     |       |       |       |       |     9 |    41 |    61 |    37 ||   148
       Portal Projectile |       |       |       |       |     7 |    32 |    34 |    46 ||   119
       Summon Lightning  |       |       |       |       |       |    23 |    14 |       ||    37
       Summon Cactus Gia |       |       |       |       |       |    12 |    28 |     6 ||    46
       Malign Gateway    |       |       |       |       |       |       |    32 |    13 ||    45
       Blink             |       |       |       |       |       |       |     3 |     5 ||     8
       Summon Horrible T |       |       |       |       |       |       |       |    23 ||    23
Evoke: Wand              |       |     8 |       |       |       |     1 |     2 |       ||    11
       Condenser vane    |       |       |       |       |       |       |       |     1 ||     1
  Use: Scroll            |     8 |     3 |     7 |     7 |     8 |     1 |     3 |     3 ||    40
       Potion            |       |       |     1 |     2 |     2 |     6 |     3 |     5 ||    19
 Stab: Distracted        |       |       |       |       |     1 |       |       |       ||     1
Armor: Robe              |     5 |       |     4 |     2 |    13 |    12 |    14 |     6 ||    56
Dodge: Dodged            |    63 |    13 |    50 |   202 |   387 |   534 |   567 |   400 ||  2216
Block: Other             |       |       |       |    37 |    71 |    83 |    86 |    25 ||   302
       Reflection        |       |       |       |     3 |     5 |    11 |    35 |     7 ||    61

Table legend: (Time is in decaauts)
 A = Elapsed time spent in this place.
 B = Non-inter-level travel time spent in this place.
 C = Inter-level travel time spent in this place.
 D = Time resting spent in this place.
 E = Time spent auto-exploring this place.
 F = Levels seen in this place.
 G = Mean time per level.
                   A        B        C        D        E       F      G
               +--------+--------+--------+--------+--------+-----+--------+
         Total |  52489 |  49366 |   3123 |  10846 |  23325 |  44 | 1192.9 |
       Dungeon |  12664 |  11377 |   1287 |    965 |   6935 |  15 |  844.3 |
          Lair |   5537 |   5107 |    430 |    336 |   3136 |   6 |  922.8 |
        Shoals |   5471 |   5253 |    218 |   2000 |   1662 |   4 | 1367.8 |
     Snake Pit |   5912 |   5604 |    308 |    957 |   3054 |   4 | 1478.0 |
  Orcish Mines |   2126 |   1979 |    147 |    532 |    826 |   2 | 1063.0 |
   Elven Halls |   4828 |   4628 |    200 |   1783 |   1569 |   3 | 1609.3 |
        Vaults |  12186 |  11733 |    453 |   3192 |   4969 |   5 | 2437.2 |
        Depths |   1792 |   1715 |     77 |    351 |    778 |   2 |  896.0 |
        Bazaar |     25 |     25 |      0 |      0 |      0 |   1 |   25.0 |
    Desolation |   1702 |   1702 |      0 |    718 |    315 |   1 | 1702.0 |
      Gauntlet |    241 |    241 |      0 |     10 |     78 |   1 |  241.0 |
               +--------+--------+--------+--------+--------+-----+--------+

Top non-repeatable levels by time:
Vaults:2: 3971 daAuts
Vaults:3: 2893 daAuts
Vaults:4: 2872 daAuts
Vaults:1: 2398 daAuts
   Elf:3: 2123 daAuts
   Elf:2: 1947 daAuts
 Snake:4: 1920 daAuts
   Orc:2: 1797 daAuts
Shoals:1: 1797 daAuts
Depths:1: 1745 daAuts
Desolation: 1702 daAuts
 Snake:1: 1648 daAuts
Shoals:4: 1479 daAuts
 Snake:2: 1421 daAuts
    D:12: 1241 daAuts
